 Dungeon Crawl Stone Soup version 0.23.2 (webtiles) character file.

Game seed: 15532660854745517961

392 Borgoz the Skirmisher (level 6, -7/39 HPs)
             Began as a Gargoyle Fighter on Mar 31, 2019.
             Killed from afar by Ijyb (15 damage)
             ... with a wand of acid (6)
             ... on level 4 of the Dungeon.
             The game lasted 00:04:02 (2319 turns).

Borgoz the Skirmisher (Gargoyle Fighter)            Turns: 2319, Time: 00:04:04

Health: -7/39      AC: 10    Str: 21    XL:     6   Next: 81%
Magic:  6/6        EV: 11    Int:  9    God:
Gold:   171        SH:  0    Dex: 11    Spells: 5/5 levels left

rFire    + . .     SeeInvis .   a - +0 rapier
rCold    + . .     Gourm    .   (no shield)
rNeg     + . .     Faith    .   b - +0 scale mail
rPois    ∞         Spirit   .   q - +0 helmet
rElec    +         Reflect  .   (no cloak)
rCorr    .         Harm     .   (no gloves)
MR       .....                  (no boots)
Stlth    ..........             (no amulet)
HPRegen  0.53/turn              i - +2 ring of strength
MPRegen  0.10/turn              (no ring)

@: corroded
A: thin metallic scales 1, cold resistance 1, fire resistance 1, negative energy
resistance 1, regeneration 1, electricity resistance, unbreathing, petrification
resistance, rot immunity, AC +4
a: no special abilities


You were on level 4 of the Dungeon.
You were hungry.

You visited 1 branch of the dungeon, and saw 4 of its levels.

You collected 171 gold pieces.

Inventory:

Hand Weapons
 a - a +0 rapier (weapon)
Missiles
 p - 5 tomahawks (quivered)
Armour
 b - a +0 scale mail (worn)
 c - a +0 shield
 q - a +0 helmet (worn)
Jewellery
 i - a +2 ring of strength (left hand)
Scrolls
 d - a scroll of fear {unknown}
 e - 5 scrolls of identify {unknown}
 j - a scroll of random uselessness {unknown}
 l - 2 scrolls of remove curse {unknown}
 r - a scroll of noise {unknown}
Potions
 g - a potion of lignification {unknown}
 h - a potion of heal wounds
 k - 2 potions of might
 m - 2 potions of mutation
 n - a potion of curing {unknown}
 o - a potion of berserk rage {unknown}
 s - a potion of cancellation {unknown}
Comestibles
 f - 4 rations


   Skills:
 + Level 4.3 Fighting
 * Level 3.7 Short Blades
 + Level 4.3 Armour
 * Level 2.6 Dodging
 + Level 4.2 Shields


You had 5 spell levels left.
You didn't know any spells.
Your spell library was empty.

Dungeon Overview and Level Annotations

Branches:
Dungeon (4/15)
 Temple: D:4-7

Altars:
Dithmenos

Annotations:
D:4 1 runed translucent door, Ijyb; Jaiteiro's ghost, amateur FoEE


Innate Abilities, Weirdness & Mutations

You are resistant to torment.
Your stone body is resilient. (AC +4)
You are immune to poison.
You resist negative energy. (rN+)
You are resistant to electric shocks. (rElec)
You can survive without breathing.
You are immune to petrification.
You are immune to rotting.
You are partially covered in thin metallic scales. (AC +2)
Your flesh is cold resistant. (rC+)
Your flesh is heat resistant. (rF+)
Your natural rate of healing is unusually fast.


Message History

You are too injured to fight recklessly!
You are too injured to fight recklessly!
It was a potion of heal wounds.
You feel much better. Ijyb hits you but does no damage. x2
You hit Ijyb but do no damage.
Ijyb is lightly wounded.
Ijyb hits you but does no damage.
You hit Ijyb.
Ijyb is moderately wounded.
Ijyb hits you but does no damage. x2
You hit Ijyb but do no damage.
Ijyb is moderately wounded.
Ijyb zaps a wand.
The bolt of acid misses you.
You hit Ijyb.
Ijyb is heavily wounded.
Ijyb zaps a wand.
The bolt of acid hits you! The acid corrodes you!
You are splashed with acid!
* * * LOW HITPOINT WARNING * * *
Ijyb zaps a wand.
The bolt of acid hits you!
You die...

### ### .... ####
##########
#########........#
........'........+
##....###........#
#....#
#........##.####
#....#
#.......@g......
##....#
#########†......
......# .......
†.....# .......
......# ...####
...#### ..## ...#
..#K# ...# ..+W.
...#


You could see Ijyb, Jaiteiro's ghost and a kobold.

Vanquished Creatures
  Sigmund (D:2)
  Jessica (D:2)
  Terence (D:3)
  2 worker ants (D:4)
  Robin (D:3)
  3 adders
  2 oozes (D:1)
  2 worms
  A dart slug (D:2)
  4 leopard geckos
  6 orcs (D:3)
  A giant cockroach (D:2)
  14 goblins
  14 hobgoblins
  4 jackals (D:1)
  3 quokkas
  A ball python (D:2)
  A bat (D:3)
  2 frilled lizards (D:3)
  8 kobolds
  A leopard gecko skeleton (D:4)
  2 rats
75 creatures vanquished.

Notes
Turn   | Place    | Note
-------+----------+-------------------------------------------
     0 | D:1      | Borgoz the Gargoyle Fighter began the quest for the Orb.
     0 | D:1      | Reached XP level 1. HP: 14/14 MP: 1/1
    99 | D:1      | Reached XP level 2. HP: 17/19 MP: 2/2
   261 | D:1      | Reached skill level 1 in Dodging
   372 | D:1      | Reached XP level 3. HP: 19/23 MP: 3/3
   818 | D:2      | Noticed Jessica
   829 | D:2      | Killed Jessica
   829 | D:2      | Reached XP level 4. HP: 15/28 MP: 4/4
  1083 | D:2      | Noticed Sigmund
  1094 | D:2      | Gained mutation: Your natural rate of healing is unusually
                  | fast. [potion of mutation]
  1094 | D:2      | Gained mutation: Your flesh is cold resistant. (rC+)
                  | [potion of mutation]
  1094 | D:2      | Gained mutation: You are partially covered in thin metallic
                  | scales. (AC +2) [potion of mutation]
  1094 | D:2      | Gained mutation: Your flesh is heat resistant. (rF+)
                  | [potion of mutation]
  1101 | D:2      | Killed Sigmund
  1101 | D:2      | Reached XP level 5. HP: 14/33 MP: 5/5
  1101 | D:2      | Reached XP level 6. HP: 16/38 MP: 6/6
  1132 | D:2      | Found a shadowy altar of Dithmenos.
  1700 | D:3      | Noticed Robin
  1737 | D:3      | Killed Robin
  1943 | D:3      | Noticed Terence
  1957 | D:3      | Killed Terence
  2299 | D:4      | Noticed Ijyb
  2301 | D:4      | Found a runed translucent gate.
  2301 | D:4      | Noticed Jaiteiro's ghost (amateur FoEE)
  2311 | D:4      | Identified the +8 dagger of Slow Death {pain, rC+}
  2319 | D:4      | Killed from afar by Ijyb

Skill      XL: |  1  2  3  4 |
---------------+-------------+-----
Short Blades   | 2 3 |  3.7
Dodging        | 1 2 |  2.6
Fighting       | 4 |  4.3
Armour         | 4 |  4.3
Shields        | 4 |  4.2

Action                   |  1- 3 |  4- 6 || total
-------------------------+-------+-------++-------
Melee: Rapier            |    65 |   228 ||   293
  Use: Potion            |       |     4 ||     4
  Eat: Chunk             |       |     4 ||     4
Armor: Scale mail        |    34 |   124 ||   158
Dodge: Dodged            |    35 |   126 ||   161
